[Event "Early-Titled-Tuesday-Blitz-March-05-2024"]
[Site "Chess.com"]
[Date "2024.03.05"]
[Round "4"]
[White "chupitroko32"]
[Black "GWR2024"]
[Result "1-0"]
[WhiteElo "2402"]
[BlackElo "2118"]
[TimeControl "180+1"]
[EndTime "8:41:24 PST"]
[Termination "chupitroko32 won by resignation"]

1. e4 e5 2. d4 exd4 3. Qxd4 Nc6 4. Qe3 d6 5. Nc3 Nf6 6. Bc4 Be7 7. Bd2 O-O 8. O-O-O Ne5 9. Be2 Nfg4 10. Bxg4 Nxg4 11.
Qe2 Be6 12. h3 Ne5 13. Kb1 Nc4 14. Bc1 b5 15. f4 f6 16. Nf3 Rb8 17. Nd4 Bf7 18. Nc6 Qd7 19. Nxb8 Rxb8 20. Nd5 Bf8 21. b3 Nb6 22. Bb2 Nxd5 23. exd5 Re8 24. Qf2 Bg6 25. Rhe1 Be4 26. Qg1 f5 27. g4 Qf7 28.
gxf5 Qxf5 29. Qf2 a5 30. Kc1 a4 31. Rd4 axb3 32. axb3 c5 33. dxc6 Qc5 34. c7 d5 35.
Rdxe4 dxe4 36. Qxc5 Bxc5 37. Rxe4 Rc8 38. Be5 Kf7 39. Re2 g6 40. Kb2 b4 41. Rd2 Ke6 42.
Rd8 Bd4+ 43. Rxd4 1-0

[Event "Early-Titled-Tuesday-Blitz-March-05-2024"]
[Site "Chess.com"]
[Date "2024.03.05"]
[Round "4"]
[White "BeardedNM"]
[Black "MeesvanOsch"]
[Result "1-0"]
[WhiteElo "2212"]
[BlackElo "2368"]
[TimeControl "180+1"]
[EndTime "8:41:24 PST"]
[Termination "BeardedNM won by resignation"]

1. e4 e6 2. d4 d5 3. e5 c5 4. c3 Qb6 5. Nf3 Bd7 6. Bd3 Bb5 7. dxc5 Bxc5 8. b4 Be7 9. O-O Bxd3 10. Qxd3 Nd7 11.
Be3 Qa6 12. b5 Qa4 13. Nbd2 Nh6 14. Bxh6 gxh6 15. Nb3 O-O-O 16. Rac1 Nb6 17. Nfd4 Kb8 18. Qf3 Rd7 19. Qxf7 Bg5 20. Qxe6 Bxc1 21. Nc5 Qxa2 22. Nxd7+ Nxd7 23. Rxc1 Nb6 24. Qd6+ Ka8 25. Ne6 Rc8 26. Nc7+ Rxc7 27. Qxc7 Qc4 28. Qxc4 dxc4 29. e6 Nd5 30. Rd1 a6 31. Rxd5 axb5 32. Rxb5 Kb8 33. Rc5 Ka7 34.
e7 h5 35. e8=Q h4 36. Qa4+ 1-0

[Event "Early-Titled-Tuesday-Blitz-March-05-2024"]
[Site "Chess.com"]
[Date "2024.03.05"]
[Round "4"]
[White "ChessBliss09"]
[Black "Gryffindorac8"]
[Result "0-1"]
[WhiteElo "2195"]
[BlackElo "2388"]
[TimeControl "180+1"]
[EndTime "8:41:26 PST"]
[Termination "Gryffindorac8 won by checkmate"]

1. c4 Nf6 2. Nc3 c5 3. g3 e6 4.
Bg2 d5 5. cxd5 exd5 6. d4 cxd4 7. Qxd4 Nc6 8. Qd1 d4 9. Ne4 Nxe4 10. Bxe4 Bb4+ 11.
Bd2 Bxd2+ 12. Qxd2 O-O 13. Nf3 Re8 14. Bxc6 bxc6 15.
Qxd4 Qa5+ 16. b4 Qh5 17. O-O Ba6 18. Qc5 Qxc5 19. bxc5 Bxe2 20. Nd4 Bxf1 21. Kxf1 Rac8 22.
Rb1 g6 23. Rb7 Re5 24. Nb3 Ra8 25. Rc7 a5 26. Rxc6 a4 27. Nd4 Rd5 28. Nb5 Rd2 29. a3 Re8 30. Rf6 Kg7 31. Rf3 Re5 32. Rc3 Rf5 33. f4 Rfd5 34. Nd6 Rxh2 35. Rc1 Rdd2 36. c6 Rh1# 0-1

[Event "Early-Titled-Tuesday-Blitz-March-05-2024"]
[Site "Chess.com"]
[Date "2024.03.05"]
[Round "4"]
[White "francyIM"]
[Black "chess123456s"]
[Result "1-0"]
[WhiteElo "2768"]
[BlackElo "2545"]
[TimeControl "180+1"]
[EndTime "8:41:27 PST"]
[Termination "francyIM won by resignation"]

1. e4 e5 2. Nf3 Nc6 3. d4 exd4 4. Nxd4 Nf6 5. Nxc6 bxc6 6. e5 Qe7 7. Qe2 Nd5 8.
h4 a5 9. c4 Ba6 10. Rh3 f6 11. exf6 Qxe2+ 12. Bxe2 Nxf6 13. Nc3 Bb4 14. Bd2 O-O 15. a3 Bxc3 16. Bxc3 Ne4 17. Bd4 Rae8 18.
Re3 c5 19. Bc3 Nxc3 20. bxc3 Rxe3 21. fxe3 Re8 22. Kf2 Re4 23. Rd1 d6 24. Bf3 Rxh4 25.
Bd5+ Kf8 26. e4 Ke7 27. Kg3 Rh6 28. Rf1 Rf6 29. Rb1 Rf8 30. Re1 Kd7 31. e5 c6 32.
Be4 g6 33. Rd1 Ke6 34. exd6 Rd8 35. Bxc6 Rxd6 36. Bd5+ Kf6 37. Rf1+ Kg5 38. Rf7 h5 39. Rc7 Kh6 40. Rxc5 Bc8 41. Rxc8 1-0

[Event "Early-Titled-Tuesday-Blitz-March-05-2024"]
[Site "Chess.com"]
[Date "2024.03.05"]
[Round "4"]
[White "KnightmareJoker"]
[Black "DvaHrasta"]
[Result "0-1"]
[WhiteElo "2216"]
[BlackElo "2448"]
[TimeControl "180+1"]
[EndTime "8:41:27 PST"]
[Termination "DvaHrasta won by resignation"]

1. e4 c6 2. d4 d5 3. exd5 cxd5 4. Bd3 Nc6 5. c3 e5 6. dxe5 Nxe5 7.
Qe2 Qe7 8. Bb5+ Bd7 9. Bxd7+ Kxd7 10. Be3 Nc4 11. Nd2 Nxe3 12. Qxe3 Qxe3+ 13. fxe3 Bc5 14. e4 dxe4 15. Nxe4 Be3 16. Rd1+ Kc7 17. Ke2 Bb6 18. Kf3 Re8 19. Rd3 Ne7 20. Nh3 Ng6 21. Rd5 Ne5+ 22. Rxe5 Rxe5 23. Rd1 Rhe8 24. Nhf2 f5 25. Ng3 Re3+ 26.
Kf4 g6 27. Nh3 h6 28. Nf1 Re2 29. g3 Rxb2 30. Nd2 Be3+ 31. Kf3 Bxd2 32. Nf2 Re3+ 33. Kg2 Bxc3 34. Rc1 Kb6 35. Kg1 Bd4 36. Rd1 Bc5 37. Nd3 Rxd3+ 0-1

[Event "Early-Titled-Tuesday-Blitz-March-05-2024"]
[Site "Chess.com"]
[Date "2024.03.05"]
[Round "4"]
[White "SmirnovTimofey2000"]
[Black "NowInChess"]
[Result "0-1"]
[WhiteElo "1940"]
[BlackElo "2256"]
[TimeControl "180+1"]
[EndTime "8:41:28 PST"]
[Termination "NowInChess won on time"]

1. e4 e6 2. d4 d5 3. Nc3 Nc6 4. exd5 exd5 5. Nf3 Bb4 6. Bg5 f6 7. Bf4 Nge7 8. Bb5 a6 9. Ba4 O-O 10. O-O Bxc3 11. bxc3 b5 12. Bb3 Bg4 13. h3 Bh5 14.
Qd3 Na5 15. Rfe1 Nc4 16. Nd2 Re8 17. a4 c6 18. axb5 axb5 19. Bxc4 dxc4 20. Qg3 Nd5 21.
Bd6 Qd7 22. Bb4 Bg6 23. Qd6 Qxd6 24. Bxd6 Nxc3 25. Nf3 Nd5 26. c3 Nxc3 27. Bb4 Nd5 28. Bc5 c3 29. Nh4 Bd3 30. Nf3 c2 31. Rec1 Nc3 32. Ne1 Ne2+ 33. Kf1 Nxc1+ 34. Nxd3 Nxd3 0-1

[Event "Early-Titled-Tuesday-Blitz-March-05-2024"]
[Site "Chess.com"]
[Date "2024.03.05"]
[Round "4"]
[White "BilicVladimir"]
[Black "Aalessia"]
[Result "1-0"]
[WhiteElo "2629"]
[BlackElo "2385"]
[TimeControl "180+1"]
[EndTime "8:41:29 PST"]
[Termination "BilicVladimir won by resignation"]

1. Nf3 Nf6 2. c4 c5 3. d4 cxd4 4. Nxd4 e6 5. Nc3 Bb4 6. Qb3 Nc6 7. Nxc6 Bxc3+ 8. Qxc3 bxc6 9. b3 d5 10. Ba3 Ne4 11. Qb4 c5 12. Qa4+ Bd7 13. Qa6 Qb6 14.
Qxb6 axb6 15. Bb2 O-O 16. f3 Nf6 17. e3 Ra7 18. Bd3 Rfa8 19. a3 Bc6 20. Kd2 Ne8 21. Kc2 Nd6 22. cxd5 Bxd5 23. Rhd1 Nb7 24. e4 Bc6 25. Be2 b5 26. Rd2 b4 27. a4 f6 28.
Rad1 Kf7 29. Bc4 Na5 30. Bb5 Bxb5 31. axb5 Ke7 32. e5 Rb7 33. Rd6 c4 34. bxc4 Nxc4 35. exf6+ gxf6 36. Ra6 Ne3+ 37. Kb3 Nxd1 38. Rxa8 e5 39. Bc1 Rxb5 40. Ra7+ Ke6 41. Rxh7 Nc3 42. h4 Ne2 43. Be3 Nd4+ 44. Kb2 Nf5 45. Bd2 b3 46. h5 Rb8 47. g4 Nd4 48. f4 exf4 49. Bxf4 Nf3 50. Bxb8 1-0

[Event "Early-Titled-Tuesday-Blitz-March-05-2024"]
[Site "Chess.com"]
[Date "2024.03.05"]
[Round "4"]
[White "lucasran"]
[Black "Hui_Li_Macau"]
[Result "1-0"]
[WhiteElo "2600"]
[BlackElo "2388"]
[TimeControl "180+1"]
[EndTime "8:41:29 PST"]
[Termination "lucasran won by resignation"]

1. Nf3 d5 2. d4 Nf6 3. c4 e6 4. Nc3 Be7 5. Bg5 O-O 6. e3 h6 7.
Bh4 Ne4 8. Bxe7 Qxe7 9. Rc1 c6 10. Qc2 Nd7 11. Nxe4 dxe4 12. Qxe4 Qb4+ 13. Nd2 Qxb2 14. Qc2 Qxc2 15. Rxc2 c5 16. Nb3 b6 17. Be2 Bb7 18. Bf3 Bxf3 19. gxf3 Rac8 20. d5 exd5 21. cxd5 b5 22.
Ke2 c4 23. Nd4 Nf6 24. e4 Rfe8 25. Nxb5 Rc5 26. Nd6 Re7 27. Nf5 Re8 28. Ne3 c3 29.
Rhc1 Rec8 30. Nd1 Re8 31. Kf1 Nxe4 32. fxe4 Rxe4 33. Ne3 Ra5 34. Rxc3 Rxa2 35. R1c2 Ra1+ 36. Ke2 Rd4 37. Rd2 Rxd2+ 38. Kxd2 Kf8 39. Nf5 Ke8 40. Nxg7+ Kd7 41. Nf5 Ra2+ 42. Ke3 Ra5 43. Rd3 Ra1 44. Nxh6 a5 45. Nxf7 a4 46. Ne5+ Kd6 47. Nc4+ Kc5 48. d6 Kxc4 49. d7 Re1+ 50. Kd2 1-0

[Event "Early-Titled-Tuesday-Blitz-March-05-2024"]
[Site "Chess.com"]
[Date "2024.03.05"]
[Round "4"]
[White "IvanSoriano1"]
[Black "TheAlienParty"]
[Result "1-0"]
[WhiteElo "2571"]
[BlackElo "2387"]
[TimeControl "180+1"]
[EndTime "8:41:29 PST"]
[Termination "IvanSoriano1 won on time"]

1. d4 Nf6 2. c4 e6 3. Nc3 Bb4 4. e3 O-O 5. Ne2 d5 6. a3 Be7 7. cxd5 exd5 8. Nf4 c6 9. Bd3 Bd6 10. O-O Bxf4 11. exf4 Re8 12. h3 Nbd7 13. f5 Nb6 14.
Bg5 Qd6 15. Qf3 Nc4 16. Rae1 Bd7 17. Bf4 Qf8 18. Bxc4 dxc4 19. Be5 Nd5 20. Nxd5 cxd5 21. f6 Be6 22. Qf4 gxf6 23. Bxf6 h6 24. Re5 Kh7 25.
Rh5 Bd7 26. Bg5 Re4 27. Qf6 Qg7 28. Rxh6+ Kg8 29. Rh5 Rae8 30. Qd6 Be6 31. Bh6 Qf6 32. Qg3+ Bg4 33. hxg4 Re1 34. Be3 Rxf1+ 35. Kxf1 Kf8 36. Qf4 1-0

[Event "Early-Titled-Tuesday-Blitz-March-05-2024"]
[Site "Chess.com"]
[Date "2024.03.05"]
[Round "4"]
[White "RogelioOscarSanchezB"]
[Black "RianKapriaga"]
[Result "0-1"]
[WhiteElo "2018"]
[BlackElo "2300"]
[TimeControl "180+1"]
[EndTime "8:41:30 PST"]
[Termination "RianKapriaga won by resignation"]

1. d4 Nf6 2. Nc3 d5 3. Bf4 c6 4. e3 Bf5 5. Bd3 Bxd3 6. cxd3 e6 7. Nf3 Bd6 8. Ne5 Qc7 9. Rc1 a6 10. O-O Nbd7 11. Nxd7 Qxd7 12. Bxd6 Qxd6 13. e4 Nd7 14. Qg4 O-O 15. e5 Qb4 16. Rc2 Nxe5 17. Qg3 Ng6 18. Ne2 Rac8 19. a3 Qe7 20. Rfc1 e5 21. dxe5 Qxe5 22. Qxe5 Nxe5 23. Nf4 Rce8 24. h4 Re7 25. Re2 Rfe8 26. Rce1 Ng6 27. Rxe7 Rxe7 28. Rxe7 Nxe7 29. Kf1 h6 30. Ke2 g5 31. Nh5 Nf5 32. hxg5 hxg5 33.
Nf6+ Kf8 34. Nd7+ Ke7 35. Nc5 Nd6 36. f3 a5 37. d4 b6 38. Nd3 f6 39. b3 Nf5 0-1

[Event "Early-Titled-Tuesday-Blitz-March-05-2024"]
[Site "Chess.com"]
[Date "2024.03.05"]
[Round "4"]
[White "Bernt42"]
[Black "deepfear"]
[Result "1-0"]
[WhiteElo "2266"]
[BlackElo "1964"]
[TimeControl "180+1"]
[EndTime "8:41:30 PST"]
[Termination "Bernt42 won on time"]

1. e4 c5 2. c3 d5 3. exd5 Qxd5 4. d4 cxd4 5. cxd4 Nc6 6. Nf3 Bg4 7. Be2 Nf6 8. Nc3 Qd8 9. d5 Nb8 10. Qb3 Qb6 11. Nb5 e6 12. Be3 Qa5+ 13. Bd2 Qd8 14. Qa4 Nbd7 15. Rc1 Nxd5 16. Qxg4 a6 17. Nc3 N7f6 18. Qa4+ Qd7 19. Qxd7+ Kxd7 20. Nxd5 Nxd5 21. O-O Bd6 22. Bc4 Nb6 23. Bb3 a5 24. Be3 Nd5 25.
Bxd5 exd5 26. Rfd1 Ke6 27. Nd4+ Kf6 28. Nb5 Be5 29.
b3 Rac8 30. Bd4 1-0

[Event "Early-Titled-Tuesday-Blitz-March-05-2024"]
[Site "Chess.com"]
[Date "2024.03.05"]
[Round "4"]
[White "wannabe2700"]
[Black "amanjazu"]
[Result "1-0"]
[WhiteElo "2762"]
[BlackElo "2541"]
[TimeControl "180+1"]
[EndTime "8:41:33 PST"]
[Termination "wannabe2700 won by resignation"]

1. b3 Nc6 2. Bb2 e5 3. e3 g6 4. Nf3 Bg7 5. c4 d6 6. d4 Nge7 7.
dxe5 Nxe5 8. Nxe5 Bxe5 9. Bxe5 dxe5 10. Qxd8+ Kxd8 11. Nc3 c6 12. O-O-O+ Kc7 13. h4 h6 14.
c5 b6 15. Ne4 f5 16. Nd6 Be6 17. Bc4 Bd5 18. e4 bxc5 19. Nxf5 Bxc4 20. Nxe7 Bf7 21. h5 Rae8 22. Nxg6 Rhg8 23. Nh4 Bxh5 24. f3 Rd8 25. Nf5 Rxd1+ 26. Kxd1 Be8 27. g4 Rf8 28. Rxh6 Bd7 29.
Rh7 Kd8 30. Ke2 Be6 31. Rxa7 Rg8 32. Kd3 Bxf5 33. exf5 e4+ 34. Ke3 Re8 35. Ra8+ 1-0

[Event "Early-Titled-Tuesday-Blitz-March-05-2024"]
[Site "Chess.com"]
[Date "2024.03.05"]
[Round "4"]
[White "vi_pranav"]
[Black "Dyadya81"]
[Result "0-1"]
[WhiteElo "3068"]
[BlackElo "2882"]
[TimeControl "180+1"]
[EndTime "8:41:35 PST"]
[Termination "Dyadya81 won on time"]

1. e4 c6 2. d4 d5 3. e5 Bf5 4.
Nf3 e6 5. Be2 Bb4+ 6. Nbd2 Nd7 7.
O-O Ne7 8. Nb3 Nc8 9. c3 Be7 10. Ne1 h6 11. Bd3 Bxd3 12. Nxd3 Ncb6 13. Qg4 Kf8 14. Qh3 h5 15. f4 g6 16. g4 Kg8 17.
f5 hxg4 18. Qxg4 exf5 19. Rxf5 Nf8 20. e6 fxe6 21. Rxf8+ Qxf8 22. Qxe6+ Qf7 23. Qxf7+ Kxf7 24. Bf4 g5 25. Be5 Rhf8 26. Na5 Nc4 27. Nxb7 a5 28. Bg3 a4 29. Rf1+ Kg6 30. Re1 Rae8 31. b3 axb3 32. axb3 Nd2 33. Ne5+ Kh5 34. Kg2 Ra8 35. Nxc6 Ra2 36.
Re2 Nf1 37. Rxa2 Ne3+ 0-1

[Event "Early-Titled-Tuesday-Blitz-March-05-2024"]
[Site "Chess.com"]
[Date "2024.03.05"]
[Round "4"]
[White "RamyresCoelho"]
[Black "PolandHussars"]
[Result "1-0"]
[WhiteElo "2303"]
[BlackElo "2542"]
[TimeControl "180+1"]
[EndTime "8:41:35 PST"]
[Termination "RamyresCoelho won by checkmate"]

1. e4 e5 2. Nf3 Nc6 3. d4 exd4 4.
Bc4 h6 5. Nxd4 d6 6. O-O Nf6 7. Nc3 Be7 8. Nxc6 bxc6 9. f3 O-O 10. Be3 Nd7 11. Qd2 Bf6 12. Rad1 Bb7 13. Kh1 Re8 14.
Bd4 a6 15. Bxf6 Qxf6 16. b3 Ne5 17. Bd3 Ng6 18. Ne2 Rad8 19. c4 Re5 20. Qb4 Bc8 21.
Bb1 Rh5 22. Ng3 Rh4 23. Qe1 Nf4 24. e5 dxe5 25. Qxe5 Bd7 26. Rxd7 Rxh2+ 27. Kxh2 Qh4+ 28. Kg1 Rf8 29. Nf5 Qg5 30. Ne7+ Kh8 31. Qxg5 hxg5 32. Kf2 g6 33. g3 Ne6 34. Rh1+ Kg7 35. f4 gxf4 36.
gxf4 Nxf4 37. Rxc7 Rd8 38. Nxc6 Rd6 39. Re1 Rf6 40. Kg1 Nh3+ 41. Kh2 Ng5 42. Ree7 Rf2+ 43. Kg3 Rf1 44. Bd3 Rd1 45. Be2 Rg1+ 46. Kf2 Rh1 47. Ne5 Rh2+ 48. Ke1 Ne4 49. Rxf7+ Kg8 50. Rc8# 1-0

[Event "Early-Titled-Tuesday-Blitz-March-05-2024"]
[Site "Chess.com"]
[Date "2024.03.05"]
[Round "4"]
[White "LiamPutnam2008"]
[Black "VinzentSpitzl"]
[Result "1-0"]
[WhiteElo "2902"]
[BlackElo "2532"]
[TimeControl "180+1"]
[EndTime "8:41:36 PST"]
[Termination "LiamPutnam2008 won on time"]

1. e4 c5 2. Nf3 d6 3. d4 cxd4 4. Nxd4 Nf6 5. Nc3 a6 6. Bc4 e6 7. Bb3 Nc6 8. O-O Qc7 9. f4 Be7 10. Kh1 Na5 11. f5 Nxb3 12. axb3 e5 13. Nf3 Bd7 14.
Bg5 Bc6 15. Bxf6 Bxf6 16. Qd3 h5 17. b4 Rc8 18. Rfd1 h4 19. h3 Ke7 20. Nd2 Bg5 21.
Nc4 Rh6 22. Na5 Bf4 23. Nxc6+ Qxc6 24. Nd5+ Kf8 25. c3 Bg3 26. Ra5 Qc4 27. b5 axb5 28. Rxb5 Qxd3 29. Rxd3 Rc4 30. Rxb7 Kg8 31. Rb4 Rc5 32.
Kg1 Ra5 33. Rd1 Rh8 34. Kf1 Kh7 35. Ke2 Rc8 36. Ne3 Ra2 37. Nc4 Rxc4 38. Rxc4 Rxb2+ 39. Rd2 Rb1 40. Rb4 Re1+ 41. Kd3 Bf4 42. Re2 Rd1+ 43.
Kc2 Rc1+ 44. Kb2 Rd1 45. Rb5 Kh6 46. c4 Kg5 47. Kc2 Rc1+ 48. Kb3 Rd1 49. Rd5 Rxd5 50.
cxd5 Bc1 51. Rf2 Be3 52. Rf3 Bd4 53. Kc4 Bc5 54. Kb5 Ba3 55. Rxa3 1-0

[Event "Early-Titled-Tuesday-Blitz-March-05-2024"]
[Site "Chess.com"]
[Date "2024.03.05"]
[Round "4"]
[White "GoltsevDmitry2000"]
[Black "iJueles"]
[Result "1-0"]
[WhiteElo "2708"]
[BlackElo "2477"]
[TimeControl "180+1"]
[EndTime "8:41:36 PST"]
[Termination "GoltsevDmitry2000 won by resignation"]

1. e4 c6 2. e5 d5 3. exd6 exd6 4. d4 d5 5. Nf3 Bg4 6. c4 Bxf3 7. Qxf3 Nf6 8. Nc3 Bb4 9. a3 Bxc3+ 10. bxc3 O-O 11. Be2 dxc4 12. Bxc4 Re8+ 13. Be3 Qa5 14. Rc1 Qxa3 15.
O-O Nbd7 16. Bg5 h6 17. Bh4 a5 18. Qf5 Qe7 19. h3 Qe4 20. Qxe4 Rxe4 21. Bg3 b5 22. Bd3 Ree8 23. Bd6 Ne4 24. Ba3 Nb6 25. Rfd1 Rad8 26. f3 Nd6 27. Bc5 Ndc4 28. Kf2 a4 29. Re1 f6 30. Bg6 Rxe1 31. Rxe1 Nd5 32. Be8 Nxc3 33. Bxc6 Nb2 34. Re7 Nd3+ 35. Kg3 Nxc5 36. dxc5 a3 37. Ra7 a2 38. Bb7 b4 39. c6 b3 40. c7 Rf8 41.
c8=Q Rxc8 42. Bxc8 b2 43. Be6+ Kf8 44. Bxa2 Nxa2 45.
Rb7 Nc3 46. Rxb2 Nd5 47. Rd2 Ne7 48. Kf4 Kf7 49. g4 g5+ 50. Ke4 Ke6 51. Ra2 Ng6 52. Ra7 Nf4 53. h4 Ng2 54. h5 1-0

[Event "Early-Titled-Tuesday-Blitz-March-05-2024"]
[Site "Chess.com"]
[Date "2024.03.05"]
[Round "4"]
[White "TigrVShlyape"]
[Black "ReadySkate"]
[Result "1-0"]
[WhiteElo "2868"]
[BlackElo "2580"]
[TimeControl "180+1"]
[EndTime "8:41:38 PST"]
[Termination "TigrVShlyape won by resignation"]

1. d4 Nf6 2. Bf4 g6 3. c3 Bg7 4.
Nf3 O-O 5. h3 c5 6. e3 cxd4 7.
exd4 d6 8. Be2 Nc6 9. O-O Nd5 10. Bh2 e5 11. Na3 Nb6 12. dxe5 dxe5 13. Nc4 Nxc4 14. Bxc4 Qe7 15. Re1 Kh8 16. Qe2 f6 17. Nd4 Bd7 18. Rad1 Rae8 19. Nxc6 Bxc6 20. Bb5 Qe6 21. Bxc6 Qxc6 22.
f3 a5 23. Bg3 a4 24. Bf2 Rd8 25. c4 Rfe8 26. b4 axb3 27. axb3 f5 28. Rxd8 Rxd8 29. Rd1 Rc8 30. Qd3 e4 31. fxe4 fxe4 32. Qd5 Re8 33. Be3 Be5 34. b4 Qc8 35. c5 Bf6 36. b5 Rd8 37. Qb3 Re8 38. Qf7 Rf8 39. Qd7 Qa8 40. Qe6 Qa4 41. Rf1 Qa3 42. Qxe4 Qb3 43. Rxf6 Rxf6 44. Bd4 Qd1+ 45. Kh2 Qf1 46. Qe5 Kg7 47. c6 bxc6 48. bxc6 Kf7 49. Qxf6+ Qxf6 50. Bxf6 1-0

[Event "Early-Titled-Tuesday-Blitz-March-05-2024"]
[Site "Chess.com"]
[Date "2024.03.05"]
[Round "4"]
[White "KhalilMousavi98"]
[Black "Indianlad"]
[Result "0-1"]
[WhiteElo "2816"]
[BlackElo "3020"]
[TimeControl "180+1"]
[EndTime "8:41:39 PST"]
[Termination "Indianlad won on time"]

1. e4 g6 2. d4 Bg7 3. Nc3 a6 4.
f4 d5 5. e5 Nh6 6. Bd3 f6 7. Nf3 Bg4 8. h3 Bxf3 9. Qxf3 e6 10. Be3 O-O 11. exf6 Qxf6 12. g4 Nf7 13. O-O-O c5 14.
dxc5 Nc6 15. h4 Nfe5 16. Qe2 Nxd3+ 17. Rxd3 Qf7 18. Bd2 e5 19. f5 e4 20. Rdh3 Nd4 21. Qd1 gxf5 22. gxf5 Nxf5 23. h5 Kh8 24. Kb1 Rae8 25.
h6 Be5 26. Ne2 d4 27. Rf1 Qe6 28. Nf4 Qc6 29. Qg4 d3 30. cxd3 Qb5 31. Bc1 e3 32.
Qe2 Qxc5 33. Ng2 Nd4 34. Rxf8+ Rxf8 35. Bxe3 Rf1+ 0-1

[Event "Early-Titled-Tuesday-Blitz-March-05-2024"]
[Site "Chess.com"]
[Date "2024.03.05"]
[Round "4"]
[White "BardArtem"]
[Black "N4700000"]
[Result "1-0"]
[WhiteElo "2712"]
[BlackElo "2497"]
[TimeControl "180+1"]
[EndTime "8:41:39 PST"]
[Termination "BardArtem won by resignation"]

1. e4 c5 2. c3 g6 3. d4 cxd4 4.
cxd4 d5 5. e5 Nc6 6. Nc3 Bg7 7.
Bb5 f6 8. Nf3 Bg4 9. Qa4 Qd7 10.
exf6 exf6 11. Be2 Nge7 12. O-O O-O 13. h3 Bxf3 14. Bxf3 f5 15. Re1 Rad8 16. Bg5 Rf7 17. Rad1 a6 18. Qa3 Bf8 19. Qb3 b5 20. Nxd5 Na5 21. Nxe7+ Bxe7 22. Rxe7 Nxb3 23. Rxd7 Rfxd7 24. axb3 Rxd4 25. Bxd8 1-0

[Event "Early-Titled-Tuesday-Blitz-March-05-2024"]
[Site "Chess.com"]
[Date "2024.03.05"]
[Round "4"]
[White "Darius321"]
[Black "Kolle05"]
[Result "0-1"]
[WhiteElo "2372"]
[BlackElo "2587"]
[TimeControl "180+1"]
[EndTime "8:41:39 PST"]
[Termination "Kolle05 won on time"]

1. e4 c5 2. d4 cxd4 3. c3 dxc3 4. Bc4 Nc6 5. Nf3 d6 6. O-O e6 7. Nxc3 Nf6 8. Qe2 Be7 9. Rd1 e5 10. h3 O-O 11. Bg5 a6 12. a4 h6 13. Bh4 Be6 14. Rd2 Rc8 15. Bxe6 fxe6 16. Rad1 Qa5 17. Qe3 Qb4 18. Nh2 Nd4 19. Bxf6 Bxf6 20. Ng4 Bg5 21. Qg3 Bxd2 22. Rxd2 Kh7 23. Qh4 Rc7 24. Ne3 Rcf7 25. Ng4 Qb3 26. Rd3 Qc2 27. Rg3 Qxb2 28. Qh5 Qc1+ 29.
Kh2 Qf4 30. Ne3 Qxf2 31. Qg6+ Kh8 32. Ng4 Qf4 33. Nd1 Ne2 0-1

[Event "Early-Titled-Tuesday-Blitz-March-05-2024"]
[Site "Chess.com"]
[Date "2024.03.05"]
[Round "4"]
[White "Practical-Play"]
[Black "EvgenyBurmakin"]
[Result "1-0"]
[WhiteElo "2523"]
[BlackElo "2346"]
[TimeControl "180+1"]
[EndTime "8:41:40 PST"]
[Termination "Practical-Play won on time"]

1. Nf3 Nf6 2. b3 d6 3. Bb2 e5 4. g3 Nc6 5. d3 Be7 6. Bg2 O-O 7. O-O h6 8. h4 Bg4 9. Nh2 Be6 10. e4 Qd7 11. Nd2 Nh7 12. f4 f5 13. Qe2 Rae8 14. exf5 Bxf5 15. g4 exf4 16. Bd5+ Kh8 17. Bxg7+ Kxg7 18. gxf5 Qxf5 19. Be4 Qh3 20. Kh1 Bxh4 21. Qh5 Rxe4 22.
Nxe4 Ne5 23. Rg1+ Ng5 24. Nxg5 hxg5 25. Rxg5+ Kf6 26. Qh6+ Ke7 27. Rg7+ Nf7 28. Qxf4 Bf6 29. Re1+ Be5 30. d4 1-0

[Event "Early-Titled-Tuesday-Blitz-March-05-2024"]
[Site "Chess.com"]
[Date "2024.03.05"]
[Round "4"]
[White "moro182"]
[Black "SaqoChess_Twitch"]
[Result "1-0"]
[WhiteElo "2821"]
[BlackElo "2586"]
[TimeControl "180+1"]
[EndTime "8:41:41 PST"]
[Termination "moro182 won by checkmate"]

1. d4 d5 2. Bf4 e6 3. e3 Bd6 4.
Nf3 Bxf4 5. exf4 Nf6 6. Bd3 O-O 7. Nbd2 Nbd7 8. O-O c5 9. c3 cxd4 10. Nxd4 Nc5 11.
Bc2 b6 12. Re1 Ba6 13. N2f3 Qc7 14. Ne5 Ncd7 15. Qf3 Nxe5 16. fxe5 Nd7 17. Qh3 g6 18. f4 b5 19. a3 Rab8 20. g4 Bc8 21. Re3 a5 22.
Rf1 b4 23. axb4 axb4 24. f5 exf5 25. e6 fxg4 26. Qh6 f5 27. e7 Qd6 28. Re6 Qc5 29.
exf8=Q+ Nxf8 30. Re8 bxc3 31. bxc3 Rb2 32. Qe3 Bd7 33. Rd8 Qc7 34. Qe7 Qxd8 35. Qxd8 g3 36. hxg3 Ba4 37. Bxa4 h5 38. Bc6 Kg7 39. Bxd5 Kh6 40.
Qxf8+ Kg5 41. Qe7+ Kg4 42. Qh4# 1-0

[Event "Early-Titled-Tuesday-Blitz-March-05-2024"]
[Site "Chess.com"]
[Date "2024.03.05"]
[Round "4"]
[White "Kildepiotr"]
[Black "DeArron_Fox"]
[Result "0-1"]
[WhiteElo "2675"]
[BlackElo "2511"]
[TimeControl "180+1"]
[EndTime "8:41:43 PST"]
[Termination "DeArron_Fox won by resignation"]

1. Nf3 d5 2. g3 Nf6 3. Bg2 e6 4. O-O Be7 5. d3 O-O 6. Nbd2 c5 7. e4 Nc6 8. Re1 Qc7 9. Nf1 dxe4 10. dxe4 Rd8 11.
Qe2 Nd4 12. Nxd4 cxd4 13. e5 Nd5 14. Be4 Bd7 15. Nd2 Bc6 16. Nb3 Nb4 17. Bd2 Bxe4 18.
Qxe4 Nxc2 19. Rac1 d3 20. Red1 Qb6 21. Bc3 Qa6 22. a3 Rd5 23. Nd2 Bg5 24. f4 Be7 25. Nf3 Rc8 26. f5 Qc4 27. Qxc4 Rxc4 28. f6 Bxa3 29.
fxg7 Rxc3 30. bxa3 Rxa3 31. Rd2 Kxg7 32. Kf2 Nd4 33.
Ne1 Nb3 34. Rc3 Nxd2 35. Rxa3 Ne4+ 36. Ke3 d2 37. Ra1 d1=Q 0-1

[Event "Early-Titled-Tuesday-Blitz-March-05-2024"]
[Site "Chess.com"]
[Date "2024.03.05"]
[Round "4"]
[White "Keeper0416"]
[Black "alexrustemov"]
[Result "0-1"]
[WhiteElo "2573"]
[BlackElo "2814"]
[TimeControl "180+1"]
[EndTime "8:41:44 PST"]
[Termination "alexrustemov won by resignation"]

1. e4 e6 2. d4 d5 3. Nd2 dxe4 4.
Nxe4 Bd7 5. Ng3 Bc6 6. Nf3 Nd7 7. Bd3 Ngf6 8. O-O Be7 9. c3 O-O 10. Re1 b6 11. a4 Bb7 12. Qe2 c5 13. Ba6 Bxa6 14.
Qxa6 Qc8 15. Qxc8 Rfxc8 16. Be3 a6 17. Red1 Nd5 18. dxc5 Nxc5 19. Bxc5 Bxc5 20. Ne4 Be7 21. Nd4 Kf8 22. g3 Ke8 23. Kf1 Rc7 24. Ke2 Rac8 25. Nf3 f6 26. h4 Kf7 27. Rd3 h5 28. Kf1 Rb7 29. Ned2 b5 30. axb5 axb5 31. Ra6 Nb6 32. Nd4 Na4 33. Nxe6 Nxb2 34. Re3 Nd1 35. Rf3 Nxc3 36.
Ng5+ Kg6 37. Nge4 Nxe4 38. Nxe4 b4 39. Rb3 Rc2 40. Ra8 Rd7 41. Kg2 Rd4 42. Kf3 Rcc4 43.
Ra6 0-1

[Event "Early-Titled-Tuesday-Blitz-March-05-2024"]
[Site "Chess.com"]
[Date "2024.03.05"]
[Round "4"]
[White "JaackCamel"]
[Black "Rawnsdale"]
[Result "1-0"]
[WhiteElo "2232"]
[BlackElo "2500"]
[TimeControl "180+1"]
[EndTime "8:41:44 PST"]
[Termination "JaackCamel won by resignation"]

1. d4 d5 2. c4 e6 3. Nc3 Be7 4. cxd5 exd5 5. Bf4 c6 6. e3 Bd6 7. Bxd6 Qxd6 8. Nf3 Ne7 9. Bd3 Bf5 10. Qc2 g6 11.
O-O O-O 12. Ne5 Nd7 13. Nxd7 Qxd7 14. Ne2 Bxd3 15. Qxd3 Nf5 16. Nf4 Rfe8 17. h3 Nd6 18.
Qb3 Nc4 19. Rfd1 a5 20. Nd3 b6 21. Rac1 a4 22. Qc3 Rac8 23. b3 axb3 24. axb3 Na5 25. Qb4 Qa7 26. Ne5 f6 27. Ng4 Kg7 28. Qd6 Qf7 29.
Qf4 g5 30. Qd6 Re6 31. Qb4 h5 32. Nh2 Qa7 33. Ra1 Qc7 34. Nf3 c5 35. dxc5 Qxc5 36. Qxc5 Rxc5 37. Nd4 Re8 38. b4 Rc3 39. bxa5 bxa5 40. Rxa5 g4 41. hxg4 hxg4 42. Rxd5 Kg6 43. g3 Rc7 44. Ne2 Rc2 45. Nf4+ Kh6 46. Rh5+ Kg7 47. Rd7+ Kg8 48. Ng6 1-0